 Dungeon Crawl Stone Soup version 0.18-a0-1730-g73f0523 (webtiles) character file.

161 4thArraOfDagon the Chopper (level 5, -7/70 HPs)
             Began as a Hill Orc Berserker on Apr 10, 2016.
             Was a Believer of Trog.
             Killed from afar by an orc wizard (9 damage)
             ... with a puff of flame
             ... on level 4 of the Dungeon.
             The game lasted 00:02:52 (384 turns).

4thArraOfDagon the Chopper (Hill Orc Berserker)      Turns: 384, Time: 00:02:53

Health: -7/70      AC:  6    Str: 26    XL:     5   Next: 42%
Magic:  5/5        EV: 10    Int:  7    God:    Trog [**....]
Gold:   27         SH:  0    Dex: 10    Spells: 0 memorised, 4 levels left

rFire  . . .     SeeInvis .     a - +0 hand axe
rCold  . . .     Gourm    .     k - +0 scale mail
rNeg   . . .     Faith    .     (no shield)
rPois  .         Spirit   .     (no helmet)
rElec  .         Dismiss  .     (no cloak)
rCorr  .         Reflect  .     (no gloves)
SustAt .         Harm     .     (no boots)
MR     ++...                    (no amulet)
Stlth  ..........               g - ring of flight
                                e - ring of loudness (curse)

@: berserking, regenerating, very quick, very resistant to hostile enchantments,
extremely unstealthy
A: no striking features
a: Berserk, Trog's Hand, Burn Spellbooks, Renounce Religion, Evoke Flight


You were on level 4 of the Dungeon.
You worshipped Trog.
Trog was pleased with you.
You were not hungry.

You visited 1 branch of the dungeon, and saw 5 of its levels.

You collected 27 gold pieces.

Inventory:

Hand Weapons
 a - a +0 hand axe (weapon)
 i - a +1 mace of protection
Armour
 k - a +0 scale mail (worn)
Jewellery
 e - a cursed ring of loudness (left hand)
 g - a ring of flight (right hand)
Scrolls
 j - a scroll of amnesia {unknown}
Potions
 f - a potion of magic {unknown}
 h - a potion of haste {unknown}
Comestibles
 c - 2 bread rations
 d - 8 chunks of flesh


   Skills:
 + Level 4.6 Fighting
 * Level 6.2 Axes
 + Level 3.5 Armour
 - Level 1.5 Dodging


You had 4 spell levels left.
You didn't know any spells.

Dungeon Overview and Level Annotations

Branches:
Dungeon (5/15)
 Temple: D:4-7

Altars:
Dithmenos

Annotations:
D:3 MAKH


Message History

The orc wizard flickers and vanishes!
Deactivating autopickup; reactivate with Ctrl-A.
Unknown command.
You miss something.
You feel the effects of Trog's Hand fading.
Something hits you but does no damage.
Unknown command.
You miss something. Something hits you but does no damage.
Unknown command.
You hit something but do no damage.
You hear some strange, mumbled words.
A puff of flame appears from out of thin air!
The puff of flame hits you!
* * * LOW HITPOINT WARNING * * *
Unknown command.
Your scale mail prevents you from hitting something.
You hear some strange, mumbled words.
A puff of flame appears from out of thin air!
The puff of flame hits you!
You die...

.. .# .# .# .#
.# .§§######.#
.§§...{@>.#
.§§##$))).#
#.......#
...........$
###.=.........
##...........
#.....####..
....... .#


There were no monsters in sight!

Vanquished Creatures
  An orc priest (D:5)
  3 orc wizards
  A hound skeleton (D:5)
  2 worms
  2 dart slugs (D:2)
  9 orcs
  3 giant cockroaches
  A hobgoblin (D:2)
  A bat (D:3)
  2 giant newts (D:3)
  5 kobolds
  A quokka skeleton (D:4)
  A rat (D:2)
32 creatures vanquished.

Notes
Turn   | Place    | Note
--------------------------------------------------------------
     0 | D:1      | 4thArraOfDagon the Hill Orc Berserker began the quest for the Orb.
     0 | D:1      | Reached XP level 1. HP: 19/19 MP: 1/1
    62 | D:2      | Reached XP level 2. HP: 27/27 MP: 2/2
   256 | D:3      | Reached XP level 3. HP: 16/33 MP: 3/3
   260 | D:3      | Reached ** piety under Trog
   302 | D:5      | Entered Level 5 of the Dungeon
   312 | D:5      | Reached skill level 5 in Axes
   336 | D:5      | Reached XP level 4. HP: 26/40 MP: 4/4
   368 | D:4      | Found a shadowy altar of Dithmenos.
   378 | D:4      | Reached skill level 6 in Axes
   378 | D:4      | Reached XP level 5. HP: 12/47 MP: 5/5
   380 | D:4      | HP: 2/70 [orc wizard/puff of flame (10)]
   384 | D:4      | Killed from afar by an orc wizard

Vault maps used:
D:1:      shiori_arrival_maze
D:2:      corner_web_ring, minmay_misc_feat_tower, nemelex_spade_bored_becter
D:3:      makhleb_blood_cavern_becter, ecumenical_altar_2, first_bread,
          minivault_11, minmay_misc_feat_alley, uniq_natasha, uniq_robin
D:4:      nemelex_altar_shiori, elyvilon_altar_4, grunt_pakellas_basics,
          grunt_dithmenos_smoke
D:5:      kennysheep_little_box, uniq_crazy_yiuf_cottage, uniq_menkaure,
          uniq_edmund

Skill      XL: |  1  2  3  4 |
---------------+-------------+-----
Fighting       | 4 |  4.6
Axes           | 5 6 |  6.2
Armour         | 3 |  3.5
Dodging        | |  1.5

Action                   |  1- 3 |  4- 6 || total
-------------------------+-------+-------++-------
Melee: Hand axe          |    42 |    16 ||    58
Invok: Berserk           |     4 |     1 ||     5
       Trog's Hand       |     1 |     1 ||     2
  Eat: Chunk             |     1 |     2 ||     3
